 Dungeon Crawl Stone Soup version 0.23.2-1-ga50397a6bc (webtiles) character file.

Game seed: 3207603011083976985

2443 Elric the Slinger (level 9, -4/60 HPs)
             Began as a Halfling Hunter on May 6, 2019.
             Was a Believer of Ru.
             Killed from afar by a steam dragon (21 damage)
             ... with a ball of steam
             ... on level 7 of the Dungeon.
             The game lasted 00:11:08 (5533 turns).

Elric the Slinger (Halfling Hunter)                 Turns: 5533, Time: 00:11:09

Health: -4/60      AC:  6    Str: 13    XL:     9   Next: 78%
Magic:  9/9        EV: 18    Int:  9    God:    Ru [**....]
Gold:   525        SH:  0    Dex: 18    Spells: 8/8 levels left

rFire    . . .     SeeInvis .   a - +2 hunting sling
rCold    . . .     Gourm    .   (shield restricted)
rNeg     . . .     Faith    .   c - +0 leather armour
rPois    .         Spirit   .   j - +1 helmet
rElec    .         Reflect  .   (no cloak)
rCorr    .         Harm     .   l - +0 pair of gloves
MR       .....                  (no boots)
Stlth    +++.......             q - amulet of regeneration
HPRegen  0.60/turn              B - ring of flight
MPRegen  0.11/turn              (no ring)

@: no status effects
A: small, mutation resistance 1, unskilled 1
a: Sacrifice Courage, Sacrifice Experience, Sacrifice Artifice, Reject
Sacrifices, Renounce Religion, Evoke Flight


You were on level 7 of the Dungeon.
You worshipped Ru.
Ru was pleased with you.
You were not hungry.

You visited 1 branch of the dungeon, and saw 7 of its levels.

You collected 525 gold pieces.

Inventory:

Hand Weapons
 a - a +2 hunting sling (weapon)
 b - a +0 short sword
 z - the +3 rapier of Boareb {pierce, *Rage rElec Str+2 Int+4}
   (You found it on level 5 of the Dungeon)

   It inflicts extra damage upon your enemies.
   It affects your strength (+2).
   It affects your intelligence (+4).
   It insulates you from electricity.
   It may make you go berserk in combat.
Missiles
 g - 59 stones (quivered)
Armour
 c - a +0 leather armour (worn)
 j - a +1 helmet (worn)
 l - a +0 pair of gloves (worn)
Jewellery
 q - an amulet of regeneration (around neck)
 t - an uncursed amulet of guardian spirit
 B - a ring of flight (left hand)
 D - an uncursed ring of poison resistance {unknown}
 E - a +2 ring of dexterity {unknown}
Wands
 k - a wand of random effects (18)
 H - a wand of clouds (6)
Scrolls
 d - a scroll of teleportation
 h - 4 scrolls of identify
 n - a scroll of amnesia
 p - 5 scrolls of remove curse
 u - a scroll of enchant armour
 y - a scroll of summoning {unknown}
 A - 3 scrolls of fog {unknown}
 C - a scroll of blinking {unknown}
Potions
 e - a potion of brilliance
 i - a potion of heal wounds
 m - a potion of agility {unknown}
 o - a potion of mutation {unknown}
 r - a potion of ambrosia {unknown}
 s - a potion of flight {unknown}
 v - 3 potions of haste {unknown}
 w - a potion of berserk rage {unknown}
 x - a potion of degeneration {unknown}
 F - 2 potions of magic {unknown}
 G - a potion of cancellation {unknown}
Comestibles
 f - 13 rations


   Skills:
 + Level 4.8 Fighting
 * Level 11.4 Slings
 + Level 5.9 Dodging
 + Level 6.0 Stealth


You had 8 spell levels left.
You didn't know any spells.
Your spell library contained the following spells:

 Spells                   Type           Power        Failure   Level  Hunger
 Magic Dart               Conj           #...         45%         1    ##.....
 Blink                    Tloc           N/A          61%         2    ###....
 Call Imp                 Summ           #.......     61%         2    ###....
 Slow                     Hex            #.......     61%         2    ###....
 Conjure Flame            Conj/Fire      #.......     83%         3    ####...
 Mephitic Cloud           Conj/Pois/Air  #.......     83%         3    ####...


Dungeon Overview and Level Annotations

Branches:
Dungeon (7/15)             Temple (0/1) D:5

Altars:
Elyvilon
Makhleb
Okawaru
Ru
Vehumet


Innate Abilities, Weirdness & Mutations

You are small and have problems with some larger weapons.
You are somewhat resistant to further mutation.
You are somewhat unskilled. (-1 Apt)


Message History

Press: ? - help, Shift-Dir - straight line, f/p - steam dragon
Aim: a steam dragon (steam, severely wounded, softly glowing, catching its breath)
You shoot a stone.
The stone hits the steam dragon but does no damage.
The steam dragon is severely wounded.
You are engulfed in a cloud of scalding steam.
The steam dragon bites you but does no damage.
The steam dragon claws you but does no damage.
You are engulfed in a cloud of scalding steam.
The worker ant closely misses you.
The steam dragon stops glowing.
You are engulfed in a cloud of scalding steam.
* * * LOW HITPOINT WARNING * * *
You focus your will and illuminate the steam dragon in retribution!
The worker ant bites you.
* * * LOW HITPOINT WARNING * * *
The steam dragon begins to attack, but is stunned by your will!
The steam dragon breathes steam at you. The ball of steam hits you!!
You die...

##....#.#.#..............###
#.........................##
#... ##................#..#.
###.####.................#....
##........(...............#..#)
#.....##.........D........((##.
##......#####....§..........((((
#.......####....§..)....##.)...#
##..#..........@a......###.....#
####....#....................##
#...............))...##.##...
##...........###.##...####...
###...........#[.##..#.#.... ###
##.........##.##..........
#.#####...............##.......
##.#...##..<##.........##.......
#......................##.......


You could see a worker ant.

Vanquished Creatures
  Grinder (D:5)
  2 orc warriors
  2 ice beasts (D:7)
  A sky beast (D:7)
  3 phantoms
  2 centaurs (D:6)
  3 bullfrogs
  2 scorpions
  4 killer bees
  2 crimson imps
  3 orc priests
  2 hounds
  2 jellies
  2 bullfrog skeletons
  4 orc wizards
  4 worker ants
  A hound zombie (D:6)
  4 gnolls (D:4)
  A howler monkey skeleton (D:5)
  8 adders
  A shadow imp (D:5)
  An adder skeleton (D:4)
  A worm (D:5)
  2 dart slugs
  A leopard gecko (D:1)
  17 orcs
  5 bats
  4 giant cockroaches
  9 goblins
  6 hobgoblins
  7 jackals
  7 kobolds
  3 quokkas
  4 ball pythons
  7 frilled lizards
  2 leopard gecko skeletons
  A quokka skeleton (D:6)
  8 rats
139 creatures vanquished.

Vanquished Creatures (others)
  An ice beast (D:7)
  A killer bee (D:7)
  3 jackals (D:7)
5 creatures vanquished.

Grand Total: 144 creatures vanquished

Notes
Turn   | Place    | Note
-------+----------+-------------------------------------------
     0 | D:1      | Elric the Halfling Hunter began the quest for the Orb.
     0 | D:1      | Reached XP level 1. HP: 14/14 MP: 1/1
    29 | D:1      | Reached skill level 6 in Slings
    61 | D:1      | Reached XP level 2. HP: 19/19 MP: 2/2
   175 | D:1      | Reached XP level 3. HP: 24/24 MP: 3/3
   901 | D:2      | You fall through a shaft for 2 floors!
   912 | D:4      | Noticed a phantom
   928 | D:4      | Killed a phantom
   928 | D:4      | Reached skill level 7 in Slings
   928 | D:4      | Reached XP level 4. HP: 30/30 MP: 4/4
   928 | D:4      | Reached XP level 5. HP: 35/35 MP: 5/5
  1044 | D:3      | Found a sacrificial altar of Ru.
  1074 | D:3      | Became a worshipper of Ru the Awakened
  1318 | D:3      | Reached XP level 6. HP: 41/41 MP: 6/6
  1607 | D:3      | Found a radiant altar of Vehumet.
  1872 | D:2      | Reached skill level 8 in Slings
  2215 | D:5      | Entered Level 5 of the Dungeon
  2267 | D:4      | Gained mutation: You are somewhat unskilled. (-1 Apt) [Ru
                  | sacrifice]
  2267 | D:4      | Reduced skill Slings to level 7
  2267 | D:4      | Reached * piety under Ru
  2267 | D:4      | Reached ** piety under Ru
  2411 | D:4      | Reached XP level 7. HP: 19/45 MP: 7/7
  3018 | D:5      | Reached skill level 8 in Slings
  3092 | D:5      | Found a staircase to the Ecumenical Temple.
  3104 | D:5      | Noticed Grinder
  3111 | D:5      | Paralysed by Grinder for 3 turns
  3135 | D:5      | Killed Grinder
  3224 | D:5      | Reached XP level 8. HP: 52/52 MP: 8/8
  3324 | D:5      | Got a transparent rapier
  3325 | D:5      | Identified the +3 rapier of Boareb {pierce, *Rage rElec
                  | Str+2 Int+4} (You found it on level 5 of the Dungeon)
  3766 | D:5      | Reached skill level 9 in Slings
  3949 | D:6      | Found a white marble altar of Elyvilon.
  4158 | D:6      | Reached skill level 10 in Slings
  4528 | D:6      | Reached skill level 5 in Dodging
  4528 | D:6      | Reached skill level 5 in Stealth
  4528 | D:6      | Reached XP level 9. HP: 58/58 MP: 9/9
  4538 | D:6      | Found a burning altar of Makhleb.
  5138 | D:7      | Reached skill level 11 in Slings
  5184 | D:7      | Found an iron altar of Okawaru.
  5533 | D:7      | Killed from afar by a steam dragon

Skill      XL: |  1  2  3  4  5  6  7  8  9 |
---------------+----------------------------+-----
Slings         | 6 7 7 8 10 11 | 11.4
Fighting       | 2 3 4 |  4.8
Dodging        | 3 4 5 |  5.9
Stealth        | 2 3 5 6 |  6.0

Action                   |  1- 3 |  4- 6 |  7- 9 || total
-------------------------+-------+-------+-------++-------
Melee: Rapier            |       |       |    18 ||    18
 Fire: Hunting sling     |    70 |   118 |   455 ||   643
Invok: Sacrifice Skill   |       |     1 |       ||     1
  Use: Scroll            |       |     2 |    10 ||    12
       Potion            |       |       |     4 ||     4
  Eat: Chunk             |       |     4 |     3 ||     7
       Ration            |       |       |     2 ||     2
Armor: Leather armour    |     1 |     8 |    33 ||    42
Dodge: Dodged            |    10 |    26 |   197 ||   233
